Map: Ulrena

Players

AoyamaNanami

  • Race: Terran Terran
  • League: Master

IIIIIIIIIIII (State) - Winner!

  • Race: Protoss Protoss
  • League: Master

VOD

Have the link to the VOD?

Description

Time

  • Played on: Jan. 26, 2016, 1:27 p.m.
  • Length: 10:39
Show
View Real Time Build Order
Export as new Build Order

AoyamaNanami Terran 

Build Orders: MMM Bio 

Get SALT Encoding   

  12  0:01  SCV  
  13  0:13  SCV  
  14  0:20  Supply Depot  
  14  0:25  SCV  
  15  0:33  Refinery  
  15  0:42  SCV  
  16  0:56  SCV, Barracks  
  17  1:04  Refinery  
  17  1:08  SCV  
  18  1:20  SCV  
  19  1:32  SCV  
  20  1:44  Barracks Tech Lab  
  20  1:48  Ghost Academy, Orbital Command  
  20  1:56  Supply Depot  
  20  2:17  Personal Cloaking  
  20  2:20  Ghost  
  22  2:29  Supply Depot  
  22  2:34  SCV  
  23  2:49  Ghost  
  25  2:56  Supply Depot  
  25  2:59  SCV  
  26  3:17  Ghost  
  28  3:22  SCV  
  29  3:34  SCV  
  29  3:38  Command Center  
  31  3:48  SCV  
  31  3:54  Ghost  
  33  4:00  SCV  
  34  4:05  Factory  
  34  4:12  SCV  
  35  4:24  SCV  
  36  4:36  SCV  
  37  4:49  SCV  
  37  4:50  SCV  
  35  4:59  Ghost  
  35  5:00  Factory Reactor  
  35  5:02  Orbital Command  
  35  5:04  Command Center  
  35  5:11  SCV  
  36  5:17  Starport  
  36  5:23  SCV  
  36  5:26  Stimpack  
  37  5:29  SCV  
  37  5:33  Marine  
  39  5:35  SCV  
  39  5:39  Barracks  
  39  5:41  SCV  
  41  5:47  SCV  
  42  5:52  Marine  
  42  5:53  Factory Reactor  
  42  5:54  Viking  
  42  5:55  SCV  
  46  6:01  Supply Depot  
  46  6:03  SCV, Engineering Bay  
  47  6:07  SCV  
  47  6:10  Marine  
  49  6:15  SCV  
  49  6:18  Orbital Command  
  50  6:19  SCV  
  50  6:21  Starport  
  51  6:28  SCV  
  51  6:31  SCV  
  53  6:33  Viking x2, Marine  
  53  6:37  Factory Reactor  
  53  6:38  Terran Infantry Weapons Level 1  
  58  6:41  Refinery  
  58  6:42  Refinery  
  58  6:47  SCV  
  58  6:51  Marine x3  
  60  7:12  SCV x2  
  58  7:18  Viking x2  
  58  7:21  SCV  
  58  7:22  Marine x2  
  59  7:23  Marine  
  59  7:24  SCV x2  
  64  7:41  Marine x3  
  64  7:43  Combat Shields  
  64  7:44  Orbital Command  
  67  7:47  SCV x2, Barracks  
  67  7:48  Barracks  
  69  7:52  Barracks  
  69  7:54  Viking x4  
  77  7:59  Armory, SCV x2  
  77  8:00  Engineering Bay  
  77  8:03  Marine x3  
  81  8:11  SCV  
  81  8:17  SCV x2  
  83  8:20  Marine  
  83  8:23  Marine  
  85  8:28  Supply Depot  
  85  8:29  Supply Depot x2  
  85  8:39  Barracks Tech Lab  
  85  8:40  Barracks Reactor x2  
  85  8:46  Supply Depot  
  85  8:48  Supply Depot  
  85  8:49  Marine x2  
  85  8:50  SCV x2, Marine, Medivac x2  
  85  8:51  SCV, Medivac x2  
  99  8:57  Refinery  
  99  9:02  SCV x2  
  101  9:03  SCV  
  101  9:05  Barracks  
  101  9:07  Marine  
  101  9:08  Supply Depot x3, Marine  
  104  9:14  SCV x2  
  104  9:16  SCV  
  107  9:23  Viking x2, Medivac  
  113  9:26  SCV x2  
  113  9:28  SCV  
  113  9:30  Refinery  
  116  9:31  Supply Depot x2  
  116  9:32  Marine x4  
  116  9:33  Supply Depot  
  121  9:38  SCV  
  114  9:55  Ghost  
  114  9:56  Ghost  
  112  10:05  Marine x6  
Show
View Real Time Build Order
Export as new Build Order

IIIIIIIIIIII Protoss - Winner!

Build Orders: 1 Gate Expand, Oracle Opening 

Get SALT Encoding   

  12  0:01  Probe (Chrono Boost)  
  13  0:11  Probe (Chrono Boost)  
  14  0:19  Pylon  
  14  0:23  Probe (Chrono Boost)  
  15  0:37  Gateway, Probe (Chrono Boost)  
  15  0:42  Assimilator  
  16  0:48  Probe (Chrono Boost)  
  17  0:58  Probe (Chrono Boost)  
  18  1:09  Probe (Chrono Boost)  
  19  1:21  Nexus  
  19  1:25  Probe (Chrono Boost)  
  20  1:37  Cybernetics Core  
  20  1:39  Probe (Chrono Boost)  
  21  1:46  Assimilator  
  21  1:49  Probe (Chrono Boost)  
  22  1:57  Pylon  
  22  2:00  Probe (Chrono Boost)  
  23  2:17  Adept  
  23  2:18  Warp Gate  
  23  2:19  Mothership Core (Chrono Boost)  
  27  2:34  Probe (Chrono Boost)  
  29  2:37  Probe (Chrono Boost)  
  29  2:41  Stargate  
  29  2:44  Probe (Chrono Boost)  
  29  2:47  Probe (Chrono Boost)  
  29  2:48  Adept  
  33  2:55  Probe (Chrono Boost)  
  33  2:58  Probe (Chrono Boost)  
  35  3:01  Assimilator  
  35  3:04  Assimilator  
  36  3:05  Probe (Chrono Boost)  
  36  3:08  Probe (Chrono Boost)  
  37  3:18  Probe (Chrono Boost), Robotics Facility  
  38  3:22  Probe (Chrono Boost)  
  39  3:28  Probe (Chrono Boost)  
  39  3:29  Pylon  
  39  3:32  Probe (Chrono Boost)  
  39  3:37  Probe (Chrono Boost)  
  39  3:39  Oracle (Chrono Boost)  
  43  3:43  Probe  
  43  3:47  Pylon  
  43  3:48  Probe  
  44  3:55  Probe  
  46  3:59  Probe  
  46  4:00  Pylon  
  47  4:06  Observer (Chrono Boost), Oracle (Chrono Boost)  
  47  4:07  Probe  
  49  4:11  Probe  
  53  4:19  Probe  
  53  4:23  Probe  
  55  4:25  Pylon  
  55  4:31  Immortal (Chrono Boost), Probe  
  59  4:39  Probe  
  59  4:43  Probe  
  56  4:47  Stalker  
  56  4:51  Probe  
  56  4:56  Probe, Oracle  
  57  5:03  Probe  
  61  5:08  Probe, Stargate  
  61  5:12  Fleet Beacon  
  61  5:13  Protoss Air Weapons Level 1  
  62  5:25  Probe x2 (Chrono Boost)  
  64  5:36  Pylon x2  
  64  5:37  Stalker  
  64  5:39  Immortal  
  70  5:56  Tempest x2 (Chrono Boost)  
  78  6:03  Gateway x2  
  78  6:12  Twilight Council, Forge  
  78  6:13  Probe x2  
  80  6:22  Immortal  
  80  6:25  Probe  
  85  6:27  Probe  
  85  6:30  Pylon  
  86  6:33  Pylon  
  86  6:49  Tempest (Chrono Boost)  
  86  6:52  Tempest (Chrono Boost)  
  94  6:55  Gateway  
  94  6:57  Gateway  
  94  7:00  Pylon  
  90  7:25  Immortal  
  90  7:26  Tempest (Chrono Boost)  
  90  7:28  Protoss Ground Armor Level 1  
  98  7:35  Nexus  
  98  7:36  Pylon  
  98  7:39  Probe  
  98  7:40  Probe  
  100  7:52  Zealot  
  100  7:53  Zealot x4  
  110  8:02  Charge (Chrono Boost)  
  110  8:09  Immortal (Chrono Boost)  
  114  8:18  Sentry, Zealot  
  118  8:23  Pylon  
  118  8:25  Pylon  
  118  8:27  Pylon  
  118  8:40  Warp Prism, Assimilator  
  118  8:41  Probe x2  
  118  8:43  Photon Cannon, Assimilator  
  118  8:44  Pylon  
  118  8:48  Photon Cannon  
  122  8:53  Probe  
  122  8:54  Probe  
  124  9:01  Zealot x3  
  130  9:04  Templar Archives  
  130  9:10  Stalker x2  
  131  9:23  Zealot x3  
  137  9:26  Pylon  
  137  9:29  Probe x2  
  139  9:38  Gateway x2  
  139  9:42  Probe x2  
  139  9:43  Gateway  
  143  10:13  Zealot x4  
  143  10:14  Zealot  
Tags
 
Add a new tag
Caveats
  • Supply blocks, unpowered buildings, or Contaminate may cause inaccurate times.
  • Supply counts are checked every 10 seconds.